 Seeded DCSS version 0.29-a0-375-g5102b3be25 (webtiles) character file.

Game seed: 13605594255664981076 (custom seed)

32 thiscave3701365 the Skirmisher (level 3, 0/34 HPs)
             Began as a Minotaur Berserker on May 3, 2022.
             Was a Follower of Trog.
             Slain by a gnoll
             ... wielding a +0 club
              (3 damage)
             ... on level 2 of the Dungeon.
             The game lasted 00:00:55 (692 turns).

thiscave3701365 the Skirmisher (Minotaur Berserker)  Turns: 692, Time: 00:00:55

Health: 0/34       AC:  9    Str: 23    XL:     3   Next: 8%
Magic:  2/2        EV:  8    Int:  4    God:    Trog [*.....]
Gold:   24         SH:  0    Dex:  9    Spells: 2/2 levels left

rFire   . . .      SeeInvis .   a - +0 hand axe
rCold   . . .      Faith    .   (no shield)
rNeg    . . .      Spirit   .   g - +1 chain mail {rPois}
rPois   +          Reflect  .   (helmet restricted)
rElec   .          Harm     .   (no cloak)
rCorr   .          Rampage  .   (no gloves)
Will    .....                   (no boots)
Stlth   ..........              (no amulet)
HPRegen 0.11/turn               (no ring)
MPRegen 0.08/turn               (no ring)

@: on berserk cooldown, slowed, very slow
A: horns 2, retaliatory headbutt
a: Renounce Religion, Berserk


You were on level 2 of the Dungeon.
You worshipped Trog.
Trog was aware of your devotion.
You visited 1 branch of the dungeon, and saw 2 of its levels.

You collected 24 gold pieces.

Inventory:

Hand Weapons
 a - a +0 hand axe (weapon)
Armour
 g - a +1 chain mail of poison resistance (worn)
Scrolls
 d - a scroll of immolation {unknown}
 e - a scroll of poison {unknown}
 f - a scroll of identify {unknown}
Potions
 b - a potion of flight {unknown}
 c - a potion of brilliance {unknown}


   Skills:
 + Level 4.4 Fighting
 + Level 4.0 Axes
 + Level 2.6 Armour
 + Level 2.5 Dodging


You had 2 spell levels left.
You didn't know any spells.
Your spell library was empty.

Dungeon Overview and Level Annotations

Branches:
Dungeon (2/15)

Altars:


Innate Abilities, Weirdness & Mutations

You have a pair of horns on your head.
You reflexively headbutt those who attack you in melee.


Message History

Your Fighting skill increases to level 4!
A gnoll comes into view. It is wielding a +0 club.
The gnoll shouts!
A gnoll comes into view. It is wielding a +0 spear.
The gnoll hits you but does no damage.
The gnoll shouts!
You slash the gnoll! You headbutt the gnoll.
You kill the gnoll!
Trog accepts your kill.
You have reached level 3!
Your experience leads to an increase in your attributes!
Increase (S)trength, (I)ntelligence, or (D)exterity?
You feel stronger. x2
You feel a strong urge to attack something.
You feel your anger nearly subside.
You are no longer berserk.
You are exhausted.
You feel yourself slow down.
You start resting.
A gnoll is nearby!
A gnoll is nearby!
A gnoll is nearby!
A gnoll is nearby!
The gnoll closely misses you. The gnoll hits you but does no damage.
You barely miss the gnoll. Your headbutt misses the gnoll.
The gnoll closely misses you. The gnoll barely misses you.
The gnoll hits you from afar with a +0 spear.
* * * LOW HITPOINT WARNING * * *
The gnoll barely misses you.
You hit the gnoll.
The gnoll is moderately wounded.
The gnoll hits you with a +0 club.
* * * LOW HITPOINT WARNING * * *
The gnoll hits you but does no damage. x2; The gnoll barely misses you.
You closely miss the gnoll. You headbutt the gnoll.
The gnoll is moderately wounded.
The gnoll hits you but does no damage. The gnoll closely misses you.
You closely miss the gnoll. You headbutt the gnoll.
The gnoll is severely wounded.
The gnoll hits you with a +0 club.
You die...

#.....#.####.#.#
#)....#........#
+.)...######.###
###.....######.#
#.......#......#
#.#######.######
#g# #.#
#g#######.#
#.@....)..#
###########


You could see 2 gnolls.

Vanquished Creatures
  2 gnolls (D:2)
  A giant cockroach (D:1)
  A goblin (D:2)
  2 hobgoblins
  3 ball pythons
  A frilled lizard (D:2)
  3 rats
13 creatures vanquished.

Notes
Turn   | Place    | Note
-------+----------+-------------------------------------------
     0 | D:1      | thiscave3701365 the Minotaur Berserker began the quest for
                  | the Orb.
     0 | D:1      | Reached XP level 1. HP: 19/19 MP: 0/0
   322 | D:1      | You fall into a shaft and drop 1 floor!
   331 | D:2      | Reached XP level 2. HP: 18/27 MP: 1/1
   678 | D:2      | Reached XP level 3. HP: 15/34 MP: 2/2
   692 | D:2      | Slain by a gnoll

Illustrated notes

Levels and vault maps discovered:
D:1:      wander_arrival_lonely_grave, layout_basic,
          ebering_ecumenical_altar_rust
D:2:      layout_basic, minmay_misc_feat_tower, grunt_decor_mini_mirrors

Skill      XL: |  1  2 |
---------------+-------+-----
Axes           | 4 |  4.0
Fighting       | 4 |  4.4
Armour         | |  2.6
Dodging        | |  2.5

Action                   || total
-------------------------++-------
Melee: Hand axe          ||    38
       Headbutt          ||     6
Invok: Berserk           ||     1
Armor: Animal skin       ||     3
       Chain mail        ||    10
Dodge: Dodged            ||    23

Table legend: (Time is in decaauts)
 A = Elapsed time spent in this place.
 B = Non-inter-level travel time spent in this place.
 C = Inter-level travel time spent in this place.
 D = Time resting spent in this place.
 E = Time spent auto-exploring this place.
 F = Levels seen in this place.
 G = Mean time per level.
                   A        B        C        D        E       F      G
               +--------+--------+--------+--------+--------+-----+--------+
         Total |    698 |    686 |     12 |    159 |    416 |   2 |  349.0 |
       Dungeon |    698 |    686 |     12 |    159 |    416 |   2 |  349.0 |
               +--------+--------+--------+--------+--------+-----+--------+

Top non-repeatable levels by time:
     D:2: 374 daAuts
     D:1: 323 daAuts
